 Dungeon Crawl Stone Soup version 0.16.1-28-gcc2312f (webtiles) character file.

158 Mellonil the Digger (level 5, 28/28 HPs)
             Began as a Gargoyle Earth Elementalist on May 17, 2015.
             Quit the game on level 2 of the Dungeon on May 31, 2015.
             The game lasted 00:13:13 (2848 turns).

Mellonil the Digger (Gargoyle Earth Elementalist)   Turns: 2848, Time: 00:13:13

Health: 28/28      AC:  6    Str: 11    XL:     5   Next: 39%
Magic:  13/13      EV: 12    Int: 17    God:
Gold:   50         SH:  0    Dex: 10    Spells: 2 memorised, 9 levels left

rFire  . . .     SeeInvis .     b - 117 stones
rCold  . . .     Clarity  .     c - +0 robe
rNeg   + . .     SustAb   .     (no shield)
rPois  ∞         Gourm    .     (no helmet)
rElec  +         Spirit   .     (no cloak)
rCorr  .         Warding  .     (no gloves)
rMut   .         Stasis   .     (no boots)
MR     .....                    (no amulet)
Stlth  ++........               (no ring)
                                (no ring)

@: not resistant to hostile enchantments, unstealthy
A: negative energy resistance 1, electricity resistance, unbreathing,
petrification resistance, rot immunity, AC +4
a: no special abilities


You were on level 2 of the Dungeon.
You were not hungry.

You visited 1 branch of the dungeon, and saw 2 of its levels.

You collected 50 gold pieces.

Inventory:

Missiles
 b - 117 stones (in hand)
Armour
 c - a +0 robe (worn)
Scrolls
 e - 2 scrolls of enchant armour {unknown}
 i - a scroll of random uselessness {unknown}
 k - a scroll of remove curse {unknown}
Potions
 f - a potion of agility {unknown}
 g - a potion of curing {unknown}
 h - 3 potions of might {unknown}
 j - a potion of heal wounds {unknown}
Books
 d - a book of Geomancy

   Spells                             Type                      Level
   a - Sandblast                      Earth                        1
   b - Stoneskin                      Transmutation/Earth          2
   c - Passwall                       Transmutation/Earth          3
   d - Stone Arrow                    Conjuration/Earth            3
   e - Petrify                        Transmutation/Earth          4
   f - Lee's Rapid Deconstruction     Earth                        5
Comestibles
 a - 2 bread rations


   Skills:
 - Level 1.5 Dodging
 - Level 2.1 Stealth
 * Level 4.3 Spellcasting
 - Level 0.7 Transmutations
 + Level 4.8 Earth Magic


You had 9 spell levels left.
You knew the following spells:

 Your Spells              Type           Power        Failure   Level  Hunger
a - Sandblast             Erth           ###...       2%          1    None
b - Stoneskin             Trmt/Erth      ##......     10%         2    ##.....


Dungeon Overview and Level Annotations

Branches:
Dungeon (2/15)

Altars:


Innate Abilities, Weirdness & Mutations

You are resistant to torment.
You are immune to poison.
Your stone body is very resilient (AC +4).
You resist negative energy.
You are resistant to electric shocks.
You can survive without breathing.
You are immune to petrification.
You are immune to rotting.


Message History

Aiming: Sandblast
Press: ? - help, Shift-Dir - straight line, f - adder
Aim: an adder The rocky blast hits the adder.
You kill the adder!
You see here an adder corpse.
You butcher the adder corpse.
l - a chunk of flesh You see here an adder skeleton.
Eat a chunk of flesh? (ye/n/q/i?) This raw flesh tastes terrible.
You continue eating. x2
Magic restored.
b - 117 stones (gained 1)
Found 26 sling bullets.
A giant newt comes into view.
Saving game... please wait.
Welcome back, Mellonil the Gargoyle Earth Elementalist.
Press ? for a list of commands and other information.
Are you sure you want to abandon this character and quit the game? (Confirm with "yes".)

..# # ..# #. ..#
#. #.# .. ##.#
.### ... ..# #.#
#.#
####.###.#######
#.###
.l......@......#
#....
####.####.####.#
####.### #.#
#.###....### #.#
#........... #.#
#####...÷### .(.
##.#.... ..#
#.####< ...
###.####. #...
#.....##.


You could see a giant newt.

Vanquished Creatures
  A phantom (D:2)
  2 adders
  A worm (D:2)
  A giant gecko (D:2)
  A ball python (D:2)
  8 bats
  3 giant cockroaches
  7 hobgoblins
  2 jackals (D:2)
  3 kobolds
  A giant newt (D:1)
  3 goblins
  4 rats
37 creatures vanquished.

Notes
Turn   | Place    | Note
--------------------------------------------------------------
     0 | D:1      | Mellonil, the Gargoyle Earth Elementalist, began the quest for the Orb.
     0 | D:1      | Reached XP level 1. HP: 10/10 MP: 3/3
   590 | D:1      | Reached XP level 2. HP: 12/15 MP: 0/5
  1696 | D:1      | Reached skill level 4 in Earth Magic
  1696 | D:1      | Reached XP level 3. HP: 19/19 MP: 2/7
  1820 | D:1      | Learned a level 2 spell: Stoneskin
  2545 | D:2      | Noticed a phantom
  2595 | D:2      | Killed a phantom
  2595 | D:2      | Reached XP level 4. HP: 8/24 MP: 0/11
  2595 | D:2      | Reached XP level 5. HP: 9/28 MP: 0/13
  2848 | D:2      | Upgraded the game from 0.16.1-25-gbcee3f8 to 0.16.1-28-gcc2312f
  2848 | D:2      | Quit the game

Action                   |  1- 3 |  4- 6 || total
-------------------------+-------+-------++-------
Melee: Unarmed           |    28 |       ||    28
Throw: Stone             |    25 |       ||    25
 Cast: Sandblast         |   109 |     2 ||   111
  Eat: Chunk             |     5 |     1 ||     6
